 Dungeon Crawl Stone Soup version 0.18.1-8-gdd0e5ea (webtiles) character file.

42 Freshguac the Skirmisher (level 3, -9/29 HPs)
             Began as a Demonspawn Chaos Knight on June 2, 2016.
             Killed by divine providence
             ... invoked by an orc priest
              (12 damage)
             ... on level 3 of the Dungeon.
             The game lasted 00:08:30 (991 turns).

Freshguac the Skirmisher (Demonspawn Chaos Knight)   Turns: 991, Time: 00:08:31

Health: -9/29      AC:  6    Str: 13    XL:     3   Next: 33%
Magic:  0/3        EV: 10    Int: 13    God:    Xom [..*...]
Gold:   55         SH:  0    Dex: 12    Spells: 0 memorised, 2 levels left

rFire  . . .     SeeInvis .     a - +0 mace (chaos)
rCold  . . .     Gourm    .     d - +1 ring mail
rNeg   . . .     Faith    .     (no shield)
rPois  .         Spirit   +     (no helmet)
rElec  .         Dismiss  .     (no cloak)
rCorr  .         Reflect  .     (no gloves)
SustAt .         Harm     .     (no boots)
MR     .....                    (no amulet)
Stlth  +.........               (no ring)
                                (no ring)

@: not resistant to hostile enchantments, very unstealthy
A: magic shield, magic regeneration
a: Renounce Religion


You were on level 3 of the Dungeon.
You worshipped Xom.
You were a toy of Xom.
You were not hungry.

You visited 1 branch of the dungeon, and saw 3 of its levels.

You collected 55 gold pieces.

Inventory:

Hand Weapons
 a - a +0 mace of chaos (weapon)
 i - a +0 hunting sling
Missiles
 e - 51 stones (quivered)
Armour
 b - a +2 leather armour
 d - a +1 ring mail (worn)
Potions
 h - a potion of lignification
Comestibles
 c - 2 bread rations
 j - a meat ration


   Skills:
 + Level 3.5 Fighting
 + Level 3.1 Maces & Flails
 + Level 2.2 Armour
 + Level 1.1 Dodging
 + Level 0.4 Stealth


You had 2 spell levels left.
You didn't know any spells.

Dungeon Overview and Level Annotations

Branches:
Dungeon (3/15)

Altars:


Innate Abilities, Weirdness & Mutations

When hurt, damage is shared between your health and your magic reserves.
You regenerate magic rapidly.


Message History

You swap places.
The orc wizard gestures wildly while chanting.
The orc wizard flickers and vanishes!
Deactivating autopickup; reactivate with Ctrl-A.
The orc completely misses your butterfly.
You feel a little less clever now.
The orc completely misses your butterfly.
The orc priest looks braver for a moment.
You swap places.
The orc priest mumbles some strange prayers to Beogh against you.
Beogh smites you!
The orc hits your butterfly but does no damage.
The orc priest invokes the aid of Beogh against you.
Beogh smites you!
* * * LOW HITPOINT WARNING * * *
The orc misses your butterfly.
The orc priest calls down the wrath of Beogh upon you.
Beogh smites you!
You die...
Xom chortles!

########## #........#
## #........##...
#............
#........##
#.......<.#
######.#....#
#.###########.###
#......@.........
########..##.#### #b.#
#..###### # #o........
... #.########
.....#########o#######
........ro...r......>#
...#.######.##########


You could see an orc priest and an orc.

Vanquished Creatures
  An adder (D:2)
  3 dart slugs
  2 giant geckos (D:2)
  3 giant cockroaches (D:1)
  3 goblins
  3 hobgoblins
  2 bats
  A giant newt (D:1)
  6 kobolds
  2 rats (D:2)
26 creatures vanquished.

Notes
Turn   | Place    | Note
--------------------------------------------------------------
     0 | D:1      | Freshguac the Demonspawn Chaos Knight began the quest for the Orb.
     0 | D:1      | Reached XP level 1. HP: 18/18 MP: 1/1
    30 | D:1      | XOM: harmless Necr miscast
    58 | D:1      | XOM: harmless Conj miscast
   278 | D:1      | Gained mutation: When hurt, damage is shared between your health and your magic reserves. [demonic ancestry]
   278 | D:1      | Reached XP level 2. HP: 14/24 MP: 2/2
   532 | D:1      | XOM: harmless Tloc miscast
   568 | D:1      | XOM: harmless Trmt miscast
   674 | D:2      | Reached skill level 1 in Dodging
   697 | D:2      | Gained mutation: You regenerate magic rapidly. [demonic ancestry]
   697 | D:2      | Reached XP level 3. HP: 18/29 MP: 3/3
   777 | D:2      | XOM: divination: magic mapping
   788 | D:2      | XOM: harmless Trmt miscast
   974 | D:3      | XOM: butterfly on damage
   991 | D:3      | Killed from afar by an orc priest

Skill      XL: |  1  2 |
---------------+-------+-----
Armour         | 2 |  2.2
Maces & Flails | 3 |  3.1
Dodging        | 1 |  1.1
Fighting       | |  3.5
Stealth        | |  0.4

Action                   || total
-------------------------++-------
Melee: Mace              ||    84
Throw: Stone             ||    13
       Throwing net      ||     1
  Use: Potion            ||     4
       Scroll            ||     3
 Stab: Paralysed         ||     1
Armor: Ring mail         ||    32
Dodge: Dodged            ||    63
